 Dungeon Crawl Stone Soup version 0.16-a0-3308-g116f5c4 (webtiles) character file.

40 BluebellGnoll the Magician (level 3, -2/19 HPs)
             Began as a Deep Elf Fire Elementalist on Dec 26, 2014.
             Killed from afar by Terence (6 damage)
             ... with a wand of frost
             ... on level 2 of the Dungeon.
             The game lasted 00:03:21 (1131 turns).

BluebellGnoll the Magician (DEFE)                   Turns: 1131, Time: 00:03:22

Health: -2/19      AC:  4    Str:  5    XL:     3   Next: 30%
Magic:  12/14      EV: 13    Int: 20    God:
Gold:   25         SH:  0    Dex: 15    Spells: 2 memorised, 9 levels left

rFire  . . .     SeeInvis .     h - +0 dagger
rCold  . . .     Clarity  .     a - +0 robe
rNeg   . . .     SustAb   .     (no shield)
rPois  .         Gourm    .     (no helmet)
rElec  .         Spirit   .     (no cloak)
rCorr  .         Warding  .     i - +1 pair of gloves
rMut   .         Stasis   .     (no boots)
MR     .....                    (no amulet)
Stlth  ++........               (no ring)
                                (no ring)

@: not resistant to hostile enchantments, unstealthy
A: no striking features
a: no special abilities


You were on level 2 of the Dungeon.
You were not hungry.

You visited 1 branch of the dungeon, and saw 2 of its levels.

You collected 25 gold pieces.

Inventory:

Hand weapons
 h - a +0 dagger (weapon)
Missiles
 f - 17 silver bolts
 g - a throwing net (quivered)
 j - 29 poisoned needles
Armour
 a - a +0 robe (worn)
 i - a +1 pair of gloves (worn)
Scrolls
 d - a scroll of random uselessness {unknown}
 e - a scroll of fog {unknown}
 n - 3 scrolls of blinking {unknown}
Potions
 m - a potion of might {unknown}
Books
 b - a book of Flames

   Spells                             Type                      Level
   a - Flame Tongue                   Conjuration/Fire             1
   b - Throw Flame                    Conjuration/Fire             2
   c - Conjure Flame                  Conjuration/Fire             3
   d - Inner Flame                    Hexes/Fire                   3
   e - Sticky Flame                   Conjuration/Fire             4
   f - Fireball                       Conjuration/Fire             5
Comestibles
 c - a bread ration
 l - a beef jerky
 o - a fruit


   Skills:
 - Level 2.4 Dodging
 - Level 2.4 Stealth
 + Level 5.2 Spellcasting
 - Level 1.1 Conjurations
 - Level 3.2 Fire Magic


You had 9 spell levels left.
You knew the following spells:

 Your Spells              Type           Power        Failure   Level  Hunger
a - Flame Tongue          Conj/Fire      ##...        4%          1    None
b - Throw Flame           Conj/Fire      ##....       10%         2    None


Dungeon Overview and Level Annotations

Branches:
Dungeon (2/15)

Altars:

Annotations:
D:2 Terence


Message History

k - a chunk of flesh Eat a chunk of flesh? (ye/n/q/i?) This raw flesh tastes terrible.
You continue eating. x2
You start resting.
Magic restored.
Terence the Incautious comes into view.
He is wielding a mace of protection.
Terence zaps a wand.
The puff of frost hits you!
Ouch! That really hurt!
* * * LOW HITPOINT WARNING * * *
It is a wand of frost.
A kobold comes into view. It is wielding a short sword.
Casting: Flame Tongue
Confirm with . or Enter, or press ? or * to list all spells.
Aiming: Throw Flame
Press: ? - help, Shift-Dir - straight line, f - Terence
Aim: Terence, wielding a mace of protection, wearing a scale mail and carrying a wand of frost {zapped: 1} The puff of flame hits Terence.
Terence appears unharmed.
Terence zaps a wand.
The puff of frost hits you!
You die...

#..............#
#.<#######.###.#
#..#######.###.###
#..............#..
#..#######.#####.# #..#
#.# #.# #..# #.# #.#
#..# #.# #.# #..#
#.#####@###.### #.[#
#@..............
#.........######.###.###
#......... #.#
#....K@... ..#
#..#####.. ..# ..# #..
... #.. .... . ...


You could see Terence.

Vanquished Creatures
  An adder (D:1)
  A worm (D:2)
  A giant gecko (D:1)
  2 bats (D:1)
  A giant cockroach (D:1)
  6 hobgoblins (D:1)
  2 jackals (D:1)
  A giant newt (D:1)
  3 goblins (D:1)
  2 kobolds (D:1)
  2 rats
22 creatures vanquished.

Notes
Turn   | Place    | Note
--------------------------------------------------------------
     0 | D:1      | BluebellGnoll, the Deep Elf Fire Elementalist, began the quest for the Orb.
     0 | D:1      | Reached XP level 1. HP: 10/10 MP: 5/5
   320 | D:1      | Reached XP level 2. HP: 12/15 MP: 1/8
   324 | D:1      | Learned a level 2 spell: Throw Flame
   460 | D:1      | Reached skill level 4 in Spellcasting
   983 | D:1      | Reached skill level 5 in Spellcasting
   983 | D:1      | Reached XP level 3. HP: 6/19 MP: 5/14
  1125 | D:2      | Noticed Terence
  1131 | D:2      | Killed from afar by Terence

Action                   || total
-------------------------++-------
Melee: Dagger            ||    40
       Unarmed           ||     1
 Cast: Flame Tongue      ||    35
       Throw Flame       ||     1
  Use: Potion            ||     2
 Stab: Sleeping          ||     4
  Eat: Chunk             ||     1
